 Dungeon Crawl Stone Soup version 0.28-a0-751-gef3a642a4e (webtiles) character file.

Game seed: 13896532094682409935

7203 Conn the Arsonist (level 11, -4/67 HPs)
             Began as an Octopode Fire Elementalist on Oct 30, 2021.
             Was a Follower of Sif Muna.
             Collided with a rock wall (15 damage)
             ... caused by a wretched star
             ... on level 1 of the Abyss.
             The game lasted 00:29:49 (10334 turns).

Conn the Arsonist (Octopode Fire Elementalist)     Turns: 10334, Time: 00:29:49

Health: -4/67      AC:  3    Str:  7    XL:     11   Next: 11%
Magic:  11/22      EV: 15    Int: 20    God:    Sif Muna [*.....]
Gold:   344        SH:  0    Dex: 20    Spells: 9/25 levels left

rFire   + + +      SeeInvis .   r - +9 flail "Boluam" {flame, rElec rF++ rC++}
rCold   + + .      Faith    .   (no shield)
rNeg    . . .      Spirit   .   t - +2 hat
rPois   +          Reflect  .   (no amulet)
rElec   +          Harm     .   q - ring of protection from fire
rCorr   .          Rampage  .   w - ring of poison resistance
Will    .....                   A - +6 ring of dexterity
Stlth   ++++++....              (no ring)
HPRegen 0.21/turn               (no ring)
MPRegen 0.18/turn               (no ring)
                                (no ring)
                                (no ring)

@: unable to read
A: almost no armour, amphibious, 8 rings, camouflage 1, gelatinous body 1,
nimble swimmer 1, tentacles, [inability to read while threatened]
a: Renounce Religion, Channel Magic


You were on level 1 of the Abyss.
You worshipped Sif Muna.
Sif Muna was aware of your devotion.
You visited 2 branches of the dungeon, and saw 10 of its levels.
You visited the Abyss 1 time.

You collected 538 gold pieces.
You spent 194 gold pieces at shops.

Inventory:

Hand Weapons
 b - a +0 dagger
 c - a +4 short sword of venom
 r - the +9 flail "Boluam" (weapon) {flame, rElec rF++ rC++}
   (You found it on level 5 of the Dungeon)

   It burns those it strikes, dealing additional fire damage.
   rF:        It greatly protects you from fire.
   rC:        It greatly protects you from cold.
   rElec:     It insulates you from electricity.
Missiles
 e - 44 poisoned darts (quivered)
 i - a throwing net
 y - a curare-tipped dart
Armour
 t - a +2 hat (worn)
Jewellery
 q - a ring of protection from fire (left tentacle)
 w - a ring of poison resistance (right tentacle)
 A - a +6 ring of dexterity (on tentacle)
Wands
 a - a wand of flame (37)
 n - a wand of iceblast (2)
Scrolls
 d - 3 scrolls of teleportation
 f - 3 scrolls of fear
 g - a scroll of magic mapping
 k - a scroll of holy word {unknown}
 o - a scroll of immolation {unknown}
 p - a scroll of noise {unknown}
 s - a scroll of blinking
 v - a scroll of vulnerability {unknown}
Potions
 h - 2 potions of mutation
 j - 3 potions of attraction
 l - 5 potions of curing
 m - a potion of ambrosia
 u - a potion of degeneration
 x - a potion of berserk rage
 z - a potion of magic
 B - a potion of might


   Skills:
 + Level 3.5 Fighting
 + Level 3.1 Short Blades
 + Level 3.9 Maces & Flails
 + Level 0.5 Throwing
 + Level 4.4 Dodging
 + Level 7.1 Stealth
 + Level 7.8 Spellcasting
 * Level 7.3 Conjurations
 + Level 2.9 Hexes
 + Level 8.1 Fire Magic
 * Level 3.1 Invocations
 + Level 0.5 Evocations


You had 9 spell levels left.
You knew the following spells:

 Your Spells              Type           Power      Damage    Failure   Level
a - Foxfire               Conj/Fire      100%       2x1d9     1%          1
b - Conjure Flame         Conj/Fire      38%        6-21      1%          3
c - Inner Flame           Hex/Fire       30%        N/A       2%          3
d - Flame Wave            Conj/Fire      38%        3d8       3%          4
e - Scorch                Fire           80%        2d9       1%          2
f - Summon Guardian Gole  Hex/Summ       13%        N/A       14%         3

Your spell library contained the following spells:

 Spells                   Type           Power      Damage    Failure   Level
 Animate Skeleton         Necr           14%        N/A       9%          1
 Gell's Gravitas          Tloc           3%         N/A       26%         3
 Teleport Other           Tloc           7%         N/A       26%         3
 Orb of Destruction       Conj           18%        9d8       98%         7
 Dispersal                Tloc           3%         N/A       100%        6
 Spellforged Servitor     Conj/Summ      11%        N/A       100%        7


Dungeon Overview and Level Annotations

Branches:
Dungeon (9/15)             Temple (1/1) D:5
   Lair: D:8-11         Orc: D:9-12

Altars:
Ashenzari
Cheibriados
Dithmenos
Elyvilon
Fedhas
Gozag
Hepliaklqana
Kikubaaqudgha
Makhleb
Nemelex Xobeh
Okawaru
Qazlal
Ru
Sif Muna
Trog
Uskayaw
Vehumet
Wu Jian
Xom
Yredelemnul
Zin
The Shining One

Shops:
D:7 ?

Annotations:
D:9 Erolcha


Innate Abilities, Weirdness & Mutations

You cannot wear most types of armour.
You are amphibious.
You can wear up to eight rings at the same time.
Your skin changes colour to match your surroundings (Stealth+).
Your rubbery body absorbs attacks. (AC +1, EV +1)
You are camouflaged near water. (Stealth+)
You have tentacles for arms and can constrict up to eight enemies at once.
[You sometimes lose the ability to read scrolls when taking damage.]


Message History

The fiery explosion engulfs the neqoxec!!
The fiery explosion engulfs the small abomination!!
The small abomination is destroyed!
Sif Muna accepts your kill.
Unknown command.
Casting: Summon Guardian Golem (dangerous; 14% risk of failure)
Confirm with . or Enter, or press ? or * to list all spells.
You conjure some foxfire!
The neqoxec is engulfed in blazing flames.
The neqoxec dies!
Sif Muna accepts your kill.
Unknown command.
You see here 19 sling bullets.
Your foxfire dissipates!
Your foxfire dissipates!
A wretched star comes into view.
The wretched star pulses with an eldritch light!
You lose the ability to read scrolls when threatened.
Casting: Foxfire (safe; 1% risk of failure)
Confirm with . or Enter, or press ? or * to list all spells.
Casting: Flame Wave (dangerous; 3% risk of failure)
Press: ? - help, Dir - look around, f - activate A wave of flame ripples out! (Press . to intensify the flame waves.)
The wretched star glows turbulently.
The lance of force hits you.
You are knocked back by the lance of force.
You slam into the rock wall!
Floosh!
A wave of flame ripples out!
The flame wave engulfs the wretched star.
The wretched star resists.
The wretched star is lightly damaged.
The wretched star glows turbulently.
The lance of force hits you!!
You feel threatened and lose the ability to read scrolls!
* * * LOW HITPOINT WARNING * * *
You are knocked back by the lance of force.
You slam into the rock wall!
You die...

. .._.....#..... ...
.. ###...###... ##...
.(..#.....#.....#....
. .
........°☼.(.......
.. ...... ......
.......... ..
......|... ..........
#########....#.....#≈
# #...###§≈≈≈≈≈ .
#.≈§§@§§≈≈≈# #
#≈#*######## #≈#..
###*.. #.... ...###
##.# ..


You could see a wretched star.

Vanquished Creatures
  Maggie (D:6)
  Psyche (D:9)
  Grinder (D:6)
  A shadow (D:9)
  Eustachio (D:5)
  10 yaks
  Menkaure (D:5)
  An acid dragon (D:6)
  Duvessa (D:7)
  3 orc warriors
  2 ice beasts
  A black bear (D:4)
  3 necrophages
  A sky beast (D:6)
  8 ogres
  4 centaurs
  3 kobold brigands
  2 bullfrogs (D:8)
  A scorpion (D:5)
  Dowan (D:7)
  A water moccasin zombie (D:6)
  13 killer bees
  A water moccasin skeleton (D:5)
  4 wights (D:9)
  A centaur zombie (D:7)
  2 hounds
  5 orc priests
  2 jellies
  A bullfrog skeleton (D:5)
  5 gnoll shamans
  A centaur skeleton (D:7)
  An iguana (D:7)
  7 orc wizards
  A hound skeleton (D:4)
  A howler monkey zombie (D:7)
  7 adders
  19 gnolls
  A howler monkey skeleton (D:7)
  A shadow imp (D:7)
  An adder skeleton (D:4)
  2 worms
  A dart slug (D:2)
  24 orcs
  7 ball pythons
  6 endoplasms
  6 giant cockroaches
  7 goblins
  7 hobgoblins
  2 jackals (D:2)
  14 kobolds
  A quokka (D:1)
  8 bats
  3 frilled lizards (D:1)
  A rat (D:1)
211 creatures vanquished.

Vanquished Creatures (others)
  A neqoxec (Abyss:1)
  A small abomination (Abyss:1)
  413 foxfires
  6 fungi (D:7)
  9 plants (D:7)
430 creatures vanquished.

Grand Total: 641 creatures vanquished

Notes
Turn   | Place    | Note
-------+----------+-------------------------------------------
     0 | D:1      | Conn the Octopode Fire Elementalist began the quest for the
                  | Orb.
     0 | D:1      | Reached XP level 1. HP: 11/11 MP: 3/3
   202 | D:1      | Reached XP level 2. HP: 17/17 MP: 1/5
   549 | D:1      | Found a faded altar of an unknown god.
   819 | D:1      | Reached XP level 3. HP: 21/21 MP: 3/6
  1185 | D:2      | Reached XP level 4. HP: 27/27 MP: 7/7
  1296 | D:2      | Reached skill level 1 in Short Blades
  2000 | D:2      | Reached skill level 4 in Fire Magic
  2000 | D:2      | Reached XP level 5. HP: 26/31 MP: 8/8
  2076 | D:2      | Found a bloodstained altar of Trog.
  2521 | D:3      | Learned a level 3 spell: Conjure Flame
  2525 | D:3      | Learned a level 3 spell: Inner Flame
  2907 | D:4      | Noticed a black bear
  2923 | D:4      | Killed a black bear
  2924 | D:4      | Reached XP level 6. HP: 27/37 MP: 6/10
  3288 | D:4      | Reached skill level 5 in Stealth
  3337 | D:4      | Reached XP level 7. HP: 34/42 MP: 11/11
  3586 | D:4      | Reached skill level 1 in Fighting
  3695 | D:5      | Entered Level 5 of the Dungeon
  3907 | D:5      | Identified the +9 flail "Boluam" {flame, rElec rF++ rC++}
  4047 | D:4      | Learned a level 4 spell: Flame Wave
  4050 | D:4      | Learned a level 2 spell: Scorch
  4178 | D:5      | Found a staircase to the Ecumenical Temple.
  4218 | D:5      | Noticed Eustachio
  4225 | Temple   | Entered the Ecumenical Temple
  4722 | D:5      | Killed Eustachio
  4723 | D:5      | Reached skill level 5 in Fire Magic
  4723 | D:5      | Reached XP level 8. HP: 23/48 MP: 4/14
  4729 | D:5      | Noticed Menkaure
  4994 | D:5      | Killed Menkaure
  5092 | D:6      | Reached skill level 1 in Maces & Flails
  5288 | D:6      | Noticed Grinder
  5294 | D:6      | Killed Grinder
  5396 | D:6      | Reached skill level 5 in Spellcasting
  5412 | D:6      | Reached skill level 1 in Hexes
  5602 | D:6      | Reached skill level 6 in Fire Magic
  5602 | D:6      | Reached XP level 9. HP: 49/54 MP: 16/16
  5663 | D:6      | Noticed Maggie
  5669 | D:6      | Killed Maggie
  6518 | D:7      | Noticed Duvessa
  6523 | D:7      | Noticed Dowan
  6698 | D:7      | Reached skill level 5 in Conjurations
  6820 | D:7      | Killed Duvessa
  6825 | D:7      | Killed Dowan
  7232 | D:7      | Reached skill level 7 in Fire Magic
  7232 | D:7      | Reached XP level 10. HP: 38/62 MP: 5/20
  8194 | D:7      | Found Caydd's Magic Scroll Boutique.
  8202 | D:7      | Bought a scroll of blinking for 97 gold pieces
  8202 | D:7      | Bought a scroll of enchant armour for 97 gold pieces
  8274 | D:7      | Found a shimmering blue altar of Sif Muna.
  8278 | D:7      | Became a worshipper of Sif Muna the Loreminder
  8289 | D:7      | Got Sif Muna's Guide on Black Arts
  8355 | D:7      | Learned a level 3 spell: Summon Guardian Golem
  8523 | D:8      | Reached * piety under Sif Muna
  8524 | D:8      | Reached skill level 1 in Invocations
  8954 | D:8      | Identified a scroll of acquirement
  8955 | D:8      | Acquired a ring of poison resistance
  9496 | D:9      | Noticed Psyche
  9851 | D:9      | Reached skill level 8 in Fire Magic
  9906 | D:9      | Killed Psyche
  9907 | D:9      | Reached XP level 11. HP: 62/67 MP: 16/22
 10270 | D:9      | Noticed Erolcha
 10275 | D:9      | Cast into level 1 of the Abyss (Erolcha)
 10298 | Abyss:1  | Found a corrupted altar of Lugonu.
 10328 | Abyss:1  | Noticed a wretched star
 10334 | Abyss:1  | Collided with a rock wall

Illustrated notes

Levels and vault maps discovered:
D:1:      evilmike_arrival_rings, layout_basic, basic_ecumenical_altar
D:2:      layout_basic, basic_altar, minmay_strange_pillars,
          minmay_worlds_worst_comb
D:3:      layout_basic
D:4:      layout_rooms
D:5:      lemuel_ice_spiral_2, layout_rooms, minmay_temple_entry_offerings,
          uniq_menkaure, uniq_eustachio
D:6:      layout_basic, uniq_maggie, uniq_grinder
D:7:      kennysheep_seaside_town, layout_rooms, led_sif_book, serial_shops,
          nicolae_lakefront_shop, uniq_duvessa
D:8:      layout_cave_pods
D:9:      layout_layer_cave, uniq_psyche, uniq_erolcha
Temple:   nicolae_temple_the_god_donut
Abyss:1:  base:
D:4

Skill      XL: |  1  2  3  4  5  6  7  8  9 10 11 |
---------------+----------------------------------+-----
Stealth        | 3 4 5 6 7 |  7.1
Short Blades   | 1 2 3 |  3.1
Fire Magic     | 4 5 6 7 8 |  8.1
Conjurations   | 2 3 4 5 7 |  7.3
Spellcasting   | 3 4 5 7 |  7.8
Fighting       | 1 2 3 |  3.5
Maces & Flails | 2 3 |  3.9
Hexes          | 1 2 |  2.9
Dodging        | 3 4 |  4.4
Invocations    | 2 3 |  3.1
Throwing       | |  0.5
Evocations     | |  0.5

Action                   |  1- 3 |  4- 6 |  7- 9 | 10-12 || total
-------------------------+-------+-------+-------+-------++-------
Melee: Short sword       |    23 |    47 |     3 |       ||    73
       Tentacles         |     5 |     6 |     1 |     4 ||    16
       Constrict         |     3 |     9 |     8 |     3 ||    23
       Flail             |       |       |    34 |    34 ||    68
Throw: Dart              |     7 |     3 |       |       ||    10
 Cast: Foxfire           |    22 |    46 |    99 |    72 ||   239
       Conjure Flame     |       |     1 |     6 |       ||     7
       Inner Flame       |       |       |    15 |     7 ||    22
       Flame Wave        |       |       |     6 |    18 ||    24
       Scorch            |       |       |     4 |     1 ||     5
       Summon Guardian G |       |       |       |     2 ||     2
Evoke: Wand              |       |       |     3 |     1 ||     4
  Use: Scroll            |       |       |    11 |     5 ||    16
       Potion            |       |       |     3 |     1 ||     4
 Stab: Sleeping          |     2 |    13 |     3 |     4 ||    22
       Distracted        |       |       |       |     1 ||     1
Armor: Skin              |     4 |     3 |     6 |     5 ||    18
Dodge: Dodged            |    19 |    35 |    47 |    64 ||   165

Table legend: (Time is in decaauts)
 A = Elapsed time spent in this place.
 B = Non-inter-level travel time spent in this place.
 C = Inter-level travel time spent in this place.
 D = Time resting spent in this place.
 E = Time spent auto-exploring this place.
 F = Levels seen in this place.
 G = Mean time per level.
                   A        B        C        D        E       F      G
               +--------+--------+--------+--------+--------+-----+--------+
         Total |  10357 |  10174 |    183 |   1639 |   6110 |  11 |  941.5 |
       Dungeon |   9831 |   9656 |    175 |   1639 |   5755 |   9 | 1092.3 |
        Temple |    466 |    458 |      8 |      0 |    355 |   1 |  466.0 |
         Abyss |     59 |     59 |      0 |      0 |      0 |   1 |   59.0 |
               +--------+--------+--------+--------+--------+-----+--------+

Top non-repeatable levels by time:
     D:6: 1885 daAuts
     D:7: 1542 daAuts
     D:4: 1352 daAuts
     D:2: 1113 daAuts
     D:8: 1106 daAuts
     D:1: 1008 daAuts
     D:9: 677 daAuts
     D:5: 607 daAuts
     D:3: 538 daAuts
  Temple: 466 daAuts
 Abyss:1: 59 daAuts
